 Dungeon Crawl Stone Soup version 0.26-a0-1191-ge2a0e31ab3 (webtiles) character file.

Game seed: 10104409680551477910

80919 HoaS the Brawler (level 15, -1/134 HPs)
             Began as a Ghoul Gladiator on Dec 28, 2020.
             Was the Champion of Makhleb.
             Slain by an orc high priest
             ... wielding a +0 hand axe of electrocution
              (20 damage)
             ... on level 1 of the Orcish Mines.
             The game lasted 00:42:39 (15324 turns).

HoaS the Brawler (Ghoul Gladiator)                 Turns: 15324, Time: 00:42:39

Health: -1/134     AC: 26    Str: 30      XL:     15   Next: 68%
Magic:  14/14      EV: 17    Int:  0 (3)  God:    Makhleb [******]
Gold:   1873       SH:  5    Dex: 11      Spells: 14/14 levels left

rFire    . . .     SeeInvis .     - Unarmed
rCold    + . .     Faith    .   (no shield)
rNeg     + + +     Spirit   .   u - +4 plate armour
rPois    ∞         Reflect  +   H - +0 helmet of Jioqan {Will+ Regen+}
rElec    .         Harm     .   A - +1 cloak
rCorr    .         Rampage  .   (no gloves)
Will     ++...                  g - +2 pair of boots
Stlth    ..........             G - amulet of reflection
HPRegen  0.00/turn              E - +4 ring of evasion
MPRegen  0.14/turn              x - +6 ring of strength

@: slowed, lost intelligence, very slow
A: claws 1, cold resistance 1, negative energy resistance 3, inhibited
regeneration, torment resistance, unbreathing
a: Renounce Religion, Minor Destruction, Lesser Servant of Makhleb, Major
Destruction, Greater Servant of Makhleb


You were on level 1 of the Orcish Mines.
You worshipped Makhleb.
Makhleb was exalted by your worship.
You visited 3 branches of the dungeon, and saw 20 of its levels.
You also visited: Ice Cave.

You collected 2026 gold pieces.
You spent 153 gold pieces at shops.

Inventory:

Missiles
 h - 96 poisoned darts (quivered)
 n - 3 javelins
 s - 31 boomerangs
 w - 3 curare-tipped darts
 D - 6 atropa-tipped darts
Armour
 g - a +2 pair of boots (worn)
 u - a +4 plate armour (worn)
 A - a +1 cloak (worn)
 H - the +0 helmet of Jioqan (worn) {Will+ Regen+}
   (You found it on level 6 of the Lair of Beasts)

   It affects your willpower, your defense against some magical effects.
   It increases your rate of regeneration.
Jewellery
 b - the ring of the Shining Light {Ice rElec}
   (You took it off a wight on level 8 of the Dungeon)

   [ring of ice]

   It enhances your ice magic.
   It makes you vulnerable to fire.
   It protects you from cold.
   It insulates you from electricity.
 f - a +4 ring of evasion
 x - a +6 ring of strength (right claw)
 E - a +4 ring of evasion (left claw)
 G - an amulet of reflection (around neck)
 M - an uncursed ring of stealth
 O - an uncursed ring of ice
Wands
 l - a wand of acid (16)
 m - a wand of digging (13)
 q - a wand of iceblast (25)
 r - a wand of enslavement (14)
 v - a wand of polymorph (29)
 z - a wand of flame (19)
 J - a wand of random effects (13)
 L - a wand of disintegration (18)
Scrolls
 a - a scroll of identify
 d - 11 scrolls of teleportation
 i - 4 scrolls of fog
 j - 10 scrolls of remove curse
 B - a scroll of fear
 C - 3 scrolls of blinking
 K - a scroll of enchant armour
 N - a scroll of summoning
Potions
 c - 7 potions of curing
 e - 2 potions of invisibility
 k - 5 potions of flight
 o - 4 potions of attraction
 p - a potion of ambrosia
 t - 5 potions of resistance
 F - a potion of might
 I - a potion of haste
Miscellaneous
 y - a lightning rod (4/4)


   Skills:
 + Level 12.5 Fighting
 - Level 1.7 Throwing
 + Level 10.5 Armour
 + Level 11.0 Dodging
 * Level 19.5 Unarmed Combat


You had 14 spell levels left.
You didn't know any spells.
Your spell library contained the following spells:

 Spells                   Type           Power        Failure   Level
 Animate Skeleton         Necr           0%           99%         1
 Apportation              Tloc           0%           99%         1
 Corona                   Hex            0%           99%         1
 Pain                     Necr           0%           99%         1
 Sting                    Tmut/Pois      0%           99%         1
 Summon Small Mammal      Summ           0%           99%         1
 Poisonous Vapours        Pois/Air       0%           100%        2
 Ignite Poison            Fire/Tmut/Pois 0%           100%        3
 Mephitic Cloud           Conj/Pois/Air  0%           100%        3
 Vampiric Draining        Necr           0%           100%        3
 Animate Dead             Necr           0%           100%        4
 Olgreb's Toxic Radiance  Pois           0%           100%        4
 Agony                    Necr           0%           100%        5
 Metabolic Englaciation   Hex/Ice        0%           100%        5
 Freezing Cloud           Conj/Ice/Air   0%           100%        6
 Ozocubu's Refrigeration  Ice            0%           100%        6
 Simulacrum               Ice/Necr       0%           100%        6
 Beastly Appendage        Tmut           Unusable     N/A         1
 Wereblood                Tmut           Unusable     N/A         2
 Spider Form              Tmut/Pois      Unusable     N/A         3
 Ice Form                 Ice/Tmut       Unusable     N/A         4
 Blade Hands              Tmut           Unusable     N/A         5

Dungeon Overview and Level Annotations

Branches:
Dungeon (12/15)            Temple (0/1) D:5            Lair (6/6) D:9
  Swamp (0/4) Lair:4        Snake (0/4) Lair:3        Slime (0/5) Lair:5
    Orc (2/2) D:10            Elf (0/3) Orc:2         IceCv (visited)

Altars:
Dithmenos
Fedhas
Hepliaklqana
Kikubaaqudgha
Makhleb
Ru
Sif Muna
Uskayaw
Vehumet
Wu Jian
Yredelemnul
Zin
The Shining One

Shops:
D:9 =   D:12 ?

Annotations:
Lair:5 exclusion: 3 oklob plants


Innate Abilities, Weirdness & Mutations

You thrive by killing the living.
You are immune to poison.
You have sharp fingernails.
Your flesh is cold resistant. (rC+)
You are immune to negative energy. (rN+++)
You do not regenerate when monsters are visible.
You are immune to unholy pain and torment.
You can survive without breathing.


Message History

There is a stone staircase leading down here.
You see here a +0 flail.
You feel better. The orc priest misses you.
The orc high priest mumbles some strange prayers to Beogh.
The orc priest completely misses you. The orc high priest barely misses you.
You feel better. The orc priest closely misses you.
The orc high priest barely misses you.
The hellwing swoops through the air toward you!
The hellwing misses you. The hellwing hits you.
* * * LOW HITPOINT WARNING * * *
You barely miss the orc high priest. You block the orc priest's attack.
The hellwing barely misses you. The hellwing misses you.
The orc high priest barely misses you.
You barely miss the orc high priest. You claw the orc high priest.
The orc high priest is lightly wounded.
The orc priest closely misses you. The hellwing closely misses you.
The hellwing hits you but does no damage.
The orc high priest hits you but does no damage.
You are electrocuted!!
You die...

....#....#.....##....##
....###.##............#
...######...#..#......#
.##..## #......##.#...#
.#....# ##.#.........##
)....## ##.##........#
.##..## #...........##
..#...# #...#.[)[)...##
...#.## ##..###4@o....#
....## #....#.o....##
.#.## ##........###
..## ###.##.### .##
###### ..# .## .## ..#


You could see an orc high priest, a hellwing (summoned) and an orc priest.

Vanquished Creatures
  A frost giant (IceCv)
  An ettin (D:12)
  Snorg (D:10)
  2 catoblepae (Lair:6)
  A centaur warrior (D:12)
  13 hydras
  3 boulder beetles
  12 death yaks
  A two-headed ogre (D:12)
  Erica (D:8)
  A tengu warrior (D:10)
  A hell knight (D:12)
  A fire crab (Lair:4)
  4 unseen horrors
  A flayed ghost (D:8)
  An orc knight (D:12)
  2 lindwurms (Lair:6)
  6 slime creatures
  2 cyclopes
  2 manticores (Lair:6)
  3 ugly things
  2 deep elf magi (D:10)
  Maurice (D:8)
  10 black mambas
  A torpor snail (Lair:6)
  The ghost of FortyThree the Skirmisher, a novice MfIE of Gozag (D:4)
  A gargoyle (D:11)
  12 cane toads
  5 rime drakes
  10 komodo dragons
  2 kobold demonologists
  A tyrant leech (Lair:4)
  19 polar bears
  15 blink frogs
  11 dream sheep
  A vampire (D:11)
  3 shadows
  3 wraiths
  6 wyverns
  65 yaks
  Eustachio (D:4)
  A steam dragon (shapeshifter) (D:12)
  Grum (D:8)
  3 basilisks
  The ghost of Scuka the Changer, an amateur DrTm (D:4)
  A swamp worm (Lair:4)
  A warg (Orc:1)
  13 water moccasins
  Duvessa (D:6)
  17 orc warriors
  6 sky beasts
  4 ice beasts
  4 phantoms
  An eye of draining (D:11)
  2 black bears
  3 centaurs
  8 ogres
  27 wolves
  4 big kobolds
  14 bullfrogs
  A wyvern skeleton (D:11)
  3 scorpions
  Dowan (D:6)
  6 wights
  5 killer bees
  An electric eel (D:11)
  9 howler monkeys
  A crimson imp (D:2)
  3 bullfrog zombies
  2 centaur zombies
  8 orc priests
  5 jellies
  3 hounds
  A bullfrog skeleton (D:10)
  3 centaur skeletons
  7 iguanas
  Terence (D:2)
  17 orc wizards
  6 worker ants
  A hound zombie (D:10)
  A hound skeleton (D:10)
  A howler monkey zombie (D:4)
  A worker ant zombie (D:8)
  10 gnolls
  13 adders
  A howler monkey skeleton (D:7)
  2 ufetubi
  An ooze (D:2)
  An adder skeleton (D:6)
  A worm (D:3)
  7 dart slugs
  7 leopard geckos
  63 orcs
  5 bats
  5 giant cockroaches
  5 hobgoblins
  9 jackals
  2 quokkas
  3 ball pythons
  4 frilled lizards
  7 goblins
  23 kobolds
  2 leopard gecko zombies
  2 quokka skeletons
  6 rats
608 creatures vanquished.

Vanquished Creatures (others)
  A polar bear (IceCv)
  17 fungi
  23 plants
  5 withered plants (D:4)
46 creatures vanquished.

Grand Total: 654 creatures vanquished

Notes
Turn   | Place    | Note
-------+----------+-------------------------------------------
     0 | D:1      | HoaS the Ghoul Gladiator began the quest for the Orb.
     0 | D:1      | Reached XP level 1. HP: 17/17 MP: 0/0
   151 | D:1      | Reached XP level 2. HP: 24/24 MP: 1/1
   158 | D:1      | Reached skill level 4 in Unarmed Combat
   649 | D:1      | Reached XP level 3. HP: 29/29 MP: 2/2
   844 | D:2      | Reached skill level 5 in Unarmed Combat
   854 | D:2      | Found a shimmering blue altar of Sif Muna.
  1019 | D:2      | Reached XP level 4. HP: 36/36 MP: 3/3
  1061 | D:2      | Found a burning altar of Makhleb.
  1213 | D:2      | Became a worshipper of Makhleb the Destroyer
  1481 | D:2      | Found a blossoming altar of Fedhas.
  1661 | D:3      | Noticed Terence
  1684 | D:2      | Killed Terence
  1685 | D:2      | Reached skill level 6 in Unarmed Combat
  1685 | D:2      | Reached XP level 5. HP: 41/41 MP: 4/4
  2186 | D:3      | Found a sacrificial altar of Ru.
  2328 | D:3      | Found a hide-covered altar of Uskayaw.
  2329 | D:3      | Found a radiant altar of Vehumet.
  2417 | D:4      | Noticed Eustachio
  2417 | D:4      | Noticed a phantom
  2443 | D:3      | Killed a phantom
  2444 | D:3      | Reached skill level 7 in Unarmed Combat
  2444 | D:3      | Reached XP level 6. HP: 48/48 MP: 5/5
  2461 | D:4      | Killed Eustachio
  2462 | D:4      | Reached skill level 8 in Unarmed Combat
  2550 | D:4      | Found an ornate altar of the Wu Jian Council.
  2632 | D:4      | Found a runed translucent gate.
  2632 | D:4      | Found a runed translucent gate.
  2632 | D:4      | Found a runed translucent gate.
  2632 | D:4      | Noticed FortyThree's ghost (novice MfIE)
  2633 | D:4      | Noticed Scuka's ghost (amateur DrTm)
  2656 | D:4      | Reached XP level 7. HP: 55/55 MP: 6/6
  2722 | D:4      | Reached * piety under Makhleb
  2724 | D:4      | Reached skill level 9 in Unarmed Combat
  2892 | D:5      | Entered Level 5 of the Dungeon
  3035 | D:5      | Found a staircase to the Ecumenical Temple.
  3069 | D:5      | Found a hide-covered altar of Uskayaw.
  3345 | D:6      | Reached skill level 10 in Unarmed Combat
  3882 | D:5      | Reached XP level 8. HP: 53/61 MP: 7/7
  3982 | D:6      | Found a hazy altar of Hepliaklqana.
  4041 | D:6      | Reached skill level 11 in Unarmed Combat
  4149 | D:6      | Noticed Duvessa
  4149 | D:6      | Noticed Dowan
  4157 | D:6      | Killed Dowan
  4157 | D:6      | Reached ** piety under Makhleb
  4181 | D:6      | Killed Duvessa
  4695 | D:7      | Reached skill level 12 in Unarmed Combat
  4756 | D:7      | Reached XP level 9. HP: 68/68 MP: 8/8
  4768 | D:7      | Reached skill level 1 in Armour
  4783 | D:7      | Reached *** piety under Makhleb
  5179 | D:7      | Found a glowing silver altar of Zin.
  5372 | D:8      | Found a transporter.
  5384 | D:8      | Noticed a flayed ghost
  5394 | D:8      | Noticed Maurice
  5407 | D:8      | Noticed Erica
  5408 | D:8      | Killed Maurice
  5437 | D:8      | Killed Erica
  5438 | D:8      | Reached skill level 13 in Unarmed Combat
  5438 | D:8      | Reached XP level 10. HP: 60/80 MP: 9/9
  5459 | D:8      | Found an ancient bone altar of Kikubaaqudgha.
  5503 | D:8      | Noticed Grum
  5520 | D:8      | Killed Grum
  5521 | D:8      | Reached skill level 5 in Fighting
  5572 | D:8      | Reached **** piety under Makhleb
  5618 | D:8      | Killed an unseen horror
  5619 | D:8      | Reached skill level 5 in Dodging
  5787 | D:8      | Found a glowing golden altar of the Shining One.
  5850 | D:8      | Found a basalt altar of Yredelemnul.
  5864 | D:8      | Found a transporter.
  6146 | D:8      | Identified the ring of the Shining Light {Ice rElec}
  6292 | D:4      | Killed FortyThree's ghost
  6301 | D:4      | Killed Scuka's ghost
  6508 | D:9      | Reached skill level 14 in Unarmed Combat
  6654 | D:9      | Found Zum Kaug's Jewellery Shoppe.
  6738 | D:9      | Found a shadowy altar of Dithmenos.
  6761 | D:9      | Found a staircase to the Lair.
  6980 | D:10     | Entered Level 10 of the Dungeon
  7004 | D:10     | Noticed Snorg
  7019 | D:10     | Killed Snorg
  7020 | D:10     | Reached skill level 5 in Armour
  7020 | D:10     | Reached XP level 11. HP: 91/91 MP: 10/10
  7073 | D:10     | Noticed a boulder beetle
  7099 | D:10     | Killed a boulder beetle
  7257 | D:10     | Found a staircase to the Orcish Mines.
  7309 | D:10     | Killed an unseen horror
  7374 | D:10     | Reached ***** piety under Makhleb
  7392 | D:10     | Noticed a tengu warrior
  7393 | D:10     | Noticed a cyclops
  7393 | D:10     | Noticed a deep elf mage
  7397 | D:10     | Noticed a deep elf mage
  7400 | D:10     | Killed a deep elf mage
  7406 | D:10     | Killed a tengu warrior
  7559 | Lair:1   | Entered Level 1 of the Lair of Beasts
  7650 | Lair:1   | Reached skill level 15 in Unarmed Combat
  7657 | Lair:1   | Noticed a seven-headed hydra
  7676 | Lair:1   | Killed a seven-headed hydra
  8046 | Lair:1   | Reached XP level 12. HP: 96/101 MP: 11/11
  8338 | Lair:1   | Noticed a four-headed hydra
  8344 | Lair:1   | Killed a four-headed hydra
  8673 | Lair:2   | Noticed a six-headed hydra
  8701 | Lair:2   | Killed a six-headed hydra
  8828 | Lair:2   | Reached skill level 16 in Unarmed Combat
  9017 | Lair:2   | Noticed a six-headed hydra
  9037 | Lair:2   | Killed a six-headed hydra
  9529 | Lair:3   | Noticed a four-headed hydra
  9539 | Lair:3   | Killed a four-headed hydra
  9559 | Lair:3   | Reached XP level 13. HP: 103/111 MP: 12/12
  9595 | Lair:3   | Found a staircase to the Snake Pit.
  9713 | Lair:3   | Reached skill level 10 in Fighting
  9748 | Lair:3   | Reached skill level 17 in Unarmed Combat
 10608 | Lair:4   | Found a staircase to the Swamp.
 10931 | Lair:5   | Reached XP level 14. HP: 122/122 MP: 13/13
 11208 | Lair:5   | Found a staircase to the Slime Pits.
 11249 | Lair:5   | Reached skill level 18 in Unarmed Combat
 11265 | Lair:5   | Reached ****** piety under Makhleb
 11529 | Lair:6   | Entered Level 6 of the Lair of Beasts
 11816 | Lair:6   | Reached skill level 10 in Dodging
 11895 | Lair:6   | Got a smoking helmet
 11896 | Lair:6   | Identified the +0 helmet of Jioqan {Will+ Regen+} (You
                  | found it on level 6 of the Lair of Beasts)
 13272 | D:11     | Reached XP level 15. HP: 132/132 MP: 14/14
 13743 | D:12     | Reached skill level 10 in Armour
 13808 | D:12     | Reached skill level 19 in Unarmed Combat
 14271 | D:12     | Found Betwion's Magic Scroll Shop.
 14274 | D:12     | Bought a scroll of teleportation for 51 gold pieces
 14274 | D:12     | Bought a scroll of teleportation for 51 gold pieces
 14274 | D:12     | Bought a scroll of teleportation for 51 gold pieces
 14400 | D:12     | Got a tiger eye-studded ring mail
 14401 | D:12     | Identified the +5 ring mail "Ziysotonn" {rPois rCorr Str+2
                  | Int-3} (You found it on level 12 of the Dungeon)
 14446 | Orc:1    | Entered Level 1 of the Orcish Mines
 14791 | Orc:2    | Entered Level 2 of the Orcish Mines
 14802 | Orc:2    | Found a frozen archway.
 14811 | IceCv    | Entered an ice cave
 15091 | IceCv    | Noticed a frost giant
 15119 | IceCv    | Killed a frost giant
 15300 | Orc:2    | Lost intelligence.
 15319 | Orc:2    | HP: 6/134 [soul eater[an orc high priest] (11)]
 15324 | Orc:1    | Slain by an orc high priest

Illustrated notes

Levels and vault maps discovered:
D:1:      lemuel_arrival_funnel, layout_basic, serial_rivers,
          chequers_serial_rivers_micro_b, chequers_serial_rivers_room_a,
          chequers_serial_rivers_small_a, chequers_serial_rivers_room_b,
          palyth_stone_intersect, minmay_misc_feat_more_columns
D:2:      cheibrodos_old_hovel, layout_loops_cross,
          nicolae_overflow_crystal_walls, makhleb_grotto_becter,
          fedhas_altar_fruit_tree
D:3:      layout_loops_cross, nicolae_overflow_hidden_temple, uniq_terence
D:4:      layout_rooms, lemuel_doored_altar, gammafunk_ghost_cemetery,
          uniq_eustachio
D:5:      layout_basic, minmay_temple_entry_waves, basic_altar,
          minmay_misc_feat_enclosed
D:6:      corexii_shack_village, layout_gridville, nzn_hepliaklqana_mist_gate,
          minmay_starry_boxes, uniq_duvessa
D:7:      layout_loops_ring, zin_statuary, minmay_quadrilaterals
D:8:      layout_loops_ring, gammafunk_temple_of_torment,
          nicolae_tso_carved_into_rock, uniq_maurice, uniq_erica, uniq_grum
D:9:      layout_rooms, overflow_temple_1_default, dpeg_oklobed_lair,
          serial_shops, nicolae_shop_stone
D:10:     minmay_the_grid_four_pointed_star [minmay_the_grid_triangle_9x9_cache,
          minmay_the_grid_triangle_9x9_descending_squares,
          minmay_the_grid_triangle_9x9_alien,
          minmay_the_grid_triangle_9x9_zippers_horizontal,
          minmay_the_grid_prize_trominoes], layout_irregular_city, orc_0_dummy,
          serial_column_ruins, column_ruins_open_small, column_ruins_grid_1,
          column_ruins_corridor_straight, column_ruins_grid_4,
          column_ruins_open_large, minmay_misc_feat_five, uniq_snorg
D:11:     layout_cave_pods, serial_glass, glass_columns_a, glass_columns_b,
          glass_columns_b, glass_columns_c, glass_columns_c, glass_columns_a,
          st_stairs_11, kennysheep_potato
D:12:     layout_rooms, serial_shops, nicolae_shop_behind_doors, special_room
          [special_room_orc], serial_glass, glass_columns_c, glass_columns_a,
          minmay_checkered_concentric_circles
Lair:1:   layout_cave_pods
Lair:2:   layout_loops_ring, st_stairs_3, grunt_forest_stairs_basic,
          cheibrodos_lair_reptile_den, lemuel_fruit_tree
Lair:3:   layout_misc_corridors, dummy_snake_entry
Lair:4:   layout_long_grid, palyth_hydra_swamp_entry, st_stairs_12
Lair:5:   layout_hall_layers, minmay_slime_entry_oklob_open,
          beast_lair_carwin_4, grunt_megastairs_1
Lair:6:   guppyfry_lair_end_dragon, layout_hall_layers, hangedman_lair_in_review
Orc:1:    layout_caves
Orc:2:    st_orc_mages, layout_caves, portal_ice_cave_entry_pillars_1

Skill      XL: |  1  2  3  4  5  6  7  8  9 10 11 12 13 14 15 |
---------------+----------------------------------------------+-----
Unarmed Combat | 4 5 6 7 8 10 12 13 14 15 16 17 18 19 | 19.5
Armour         | 3 5 6 7 8 9 10 | 10.5
Dodging        | 4 5 7 8 9 10 11 | 11.0
Fighting       | 4 6 8 9 10 11 12 | 12.5
Throwing       | |  1.7

Action                   |  1- 3 |  4- 6 |  7- 9 | 10-12 | 13-15 || total
-------------------------+-------+-------+-------+-------+-------++-------
Melee: Unarmed           |    77 |   101 |   311 |   555 |  1087 ||  2131
       Punch             |     1 |     3 |     9 |    40 |   102 ||   155
Throw: Dart              |       |     3 |     1 |     9 |    15 ||    28
       Throwing net      |       |       |     4 |     2 |       ||     6
       Javelin           |       |       |       |     3 |       ||     3
Evoke: Wand              |       |       |     2 |     6 |       ||     8
  Use: Scroll            |     8 |     4 |     9 |    10 |    11 ||    42
       Potion            |       |     1 |     2 |     4 |     4 ||    11
 Stab: Held in net/web   |       |       |     2 |     3 |       ||     5
Armor: Scale mail        |    27 |    40 |    22 |       |       ||    89
       Leather armour    |     1 |       |       |       |       ||     1
       Plate armour      |       |       |   121 |   398 |   455 ||   974
Dodge: Dodged            |    48 |    53 |    89 |   250 |   661 ||  1101
Block: Other             |       |       |       |       |    74 ||    74
       Reflection        |       |       |       |       |     2 ||     2

Table legend: (Time is in decaauts)
 A = Elapsed time spent in this place.
 B = Non-inter-level travel time spent in this place.
 C = Inter-level travel time spent in this place.
 D = Time resting spent in this place.
 E = Time spent auto-exploring this place.
 F = Levels seen in this place.
 G = Mean time per level.
                   A        B        C        D        E       F      G
               +--------+--------+--------+--------+--------+-----+--------+
         Total |  14718 |  13662 |   1056 |   1083 |   8846 |  21 |  700.9 |
       Dungeon |   9626 |   8804 |    822 |    939 |   5609 |  12 |  802.2 |
          Lair |   4309 |   4111 |    198 |    144 |   2852 |   6 |  718.2 |
  Orcish Mines |    473 |    438 |     35 |      0 |    246 |   2 |  236.5 |
      Ice Cave |    309 |    309 |      0 |      0 |    138 |   1 |  309.0 |
               +--------+--------+--------+--------+--------+-----+--------+

Top non-repeatable levels by time:
     D:2: 1018 daAuts
  Lair:1: 1013 daAuts
    D:10: 997 daAuts
     D:6: 976 daAuts
     D:8: 941 daAuts
    D:11: 902 daAuts
  Lair:2: 848 daAuts
     D:5: 833 daAuts
  Lair:5: 806 daAuts
  Lair:4: 765 daAuts
     D:1: 734 daAuts
     D:7: 719 daAuts
     D:9: 691 daAuts
     D:3: 675 daAuts
    D:12: 608 daAuts
